 Dungeon Crawl Stone Soup version 0.30-a0-1016-gfb0d676c02 (webtiles) character file.

Game seed: 17160063074752709403

856 Jase the Slasher (level 7, -6/56 HPs)
             Began as an Armataur Warper on Apr 6, 2023.
             Was a Follower of Okawaru.
             Mangled by a troll (9 damage)
             ... on level 6 of the Dungeon.
             The game lasted 00:17:27 (4766 turns).

Jase the Slasher (Armataur Warper)                  Turns: 4766, Time: 00:17:27

Health: -6/56      AC:  7    Str: 22    XL:     7   Next: 70%
Magic:  8/9        EV: 12    Int: 13    God:    Okawaru [*.....]
Gold:   210        SH:  0    Dex: 12    Spells: 2/9 levels left

rFire   . . .      SeeInvis .    a - +0 falchion
rCold   . . .      Faith    .    (no shield)
rNeg    . . .      Spirit   .    u - +2 robe "Fenloc" {Regen+}
rPois   .          Reflect  .    (no helmet)
rElec   .          Roll     +    e - +0 cloak
rCorr   .                        (no gloves)
Will    .....                    (no barding)
Stlth   +++                      i - amulet of regeneration
HPRegen 1.89/turn                j - +6 ring of strength
MPRegen 0.11/turn                y - ring of wizardry

@: heroic
A: large, rugged brown scales 3, deformed body, armoured tail, roll, long
tongue, awkward tongue
a: Renounce Religion, Heroism


You were on level 6 of the Dungeon.
You worshipped Okawaru.
Okawaru was aware of your devotion.
You visited 1 branch of the dungeon, and saw 6 of its levels.

You collected 210 gold pieces.

Inventory:

Hand Weapons
 a - a +0 falchion (weapon)
Missiles
 d - 7 boomerangs of dispersal (quivered)
 m - 10 poisoned darts
Armour
 e - a +0 cloak (worn)
 o - a +2 scale mail of cold resistance
 u - the +2 robe "Fenloc" (worn) {Regen+}
   (You found it on level 4 of the Dungeon)

   Regen:     It increases your rate of health regeneration.
 z - a +0 buckler
Jewellery
 i - an amulet of regeneration (around neck)
 j - a +6 ring of strength (left hand)
 y - a ring of wizardry (right hand)
 E - the ring of Yhogg {rC+ rCorr Dex+6 Stlth-}
   (You found it on level 6 of the Dungeon)

   [ring of dexterity]

   Dex:       It affects your dexterity (+6).
   rC:        It protects you from cold.
   rCorr:     It protects you from acid and corrosion.
   Stlth:     It makes you less stealthy.
Wands
 w - a wand of flame (24)
 x - a wand of polymorph (11)
 B - a wand of roots (7)
Scrolls
 b - a scroll of acquirement {unknown}
 c - 2 scrolls of blinking
 g - a scroll of brand weapon {unknown}
 l - 2 scrolls of enchant weapon {unknown}
 n - a scroll of magic mapping {unknown}
 p - 2 scrolls of teleportation {unknown}
 q - a scroll of fear {unknown}
 v - 2 scrolls of poison {unknown}
 A - a scroll of noise {unknown}
 C - a scroll of vulnerability {unknown}
Potions
 f - 2 potions of flight
 h - a potion of invisibility
 k - 3 potions of mutation {unknown}
 r - a potion of curing
 s - 2 potions of resistance
 t - 2 potions of might {unknown}
 D - a potion of haste
 F - a potion of heal wounds {unknown}


   Skills:
 - Level 1.7(6.7) Fighting
 * Level 5.5(10.5) Long Blades
 - Level 3.0(8.0) Throwing
 - Level 1.2(6.2) Armour
 - Level 1.3(6.3) Dodging
 - Level 1.7 Spellcasting
 + Level 5.0 Translocations
 + Level 0.4 Air Magic
 + Level 3.4 Invocations


You had 2 spell levels left.
You knew the following spells:

 Your Spells              Type           Power      Damage    Failure   Level
a - Blink                 Tloc           28%        N/A       1%          2
b - Lesser Beckoning      Tloc           28%        N/A       1%          2
c - Teleport Other        Tloc           14%        N/A       4%          3

Your spell library contained the following spells:

 Spells                   Type           Power      Damage    Failure   Level
 Vhi's Electric Charge    Tloc/Air       16%        N/A       11%         3
 Manifold Assault         Tloc           14%        N/A       13%         4
 Borgnjor's Vile Clutch   Necr/Erth      0%         N/A       94%         5
 Animate Dead             Necr           Unusable   N/A       N/A         4
 Death Channel            Necr           Unusable   N/A       N/A         6

Dungeon Overview and Level Annotations

Branches:
Dungeon (6/15)             Temple (0/1) D:4

Altars:
Ashenzari
Dithmenos
Fedhas
Hepliaklqana
Okawaru
Qazlal
Trog

Annotations:
D:3 1 runed translucent door, DeathPants's ghost, amateur DsNe


Innate Abilities, Weirdness & Mutations

You are completely covered in rugged brown scales. (AC +3, +7% HP)
Armour fits poorly on your strangely shaped body.
You have a long armoured tail.
You roll when moving toward enemies. (Rampage)
Your long tongue fully drains potion bottles. (2x potion effects)
Your tongue gives you trouble enunciating. (1.5x scroll delay)


Message History

Okay, then.
Casting: Blink (safe; 1% risk of failure)
Confirm with . or Enter, or press ? or * to list all spells.
You blink.
You feel stable enough to blink again.
You gain the combat prowess of a mighty hero.
You roll towards the troll!
You hit the troll.
The troll is lightly wounded.
The troll misses you. The troll claws you! x2
You closely miss the troll.
Your tail-slap misses the troll.
The troll is lightly wounded.
You slash the troll!
The troll is moderately wounded.
The troll closely misses you. The troll barely misses you.
The troll closely misses you.
You hit the troll but do no damage.
The troll is moderately wounded.
The troll misses you. The troll barely misses you. The troll misses you.
You slash the troll!
The troll is heavily wounded.
The troll bites you! The troll barely misses you. x2
You completely miss the troll.
Your tail-slap misses the troll.
The troll is heavily wounded.
The troll closely misses you. The troll barely misses you. The troll claws you!
You hit the troll.
Your tail-slap misses the troll.
The troll is heavily wounded.
You hit the troll.
The troll is heavily wounded.
The troll bites you! The troll claws you!
* * * LOW HITPOINT WARNING * * *
The troll closely misses you.
You barely miss the troll.
The troll is heavily wounded.
The troll bites you!
* * * LOW HITPOINT WARNING * * *
The troll claws you but does no damage. The troll barely misses you.
You barely miss the troll.
The troll is heavily wounded.
The troll closely misses you. The troll claws you!
You die...

#.##.#.###..#.#
#..
#.##.#<..#.ยง#.#
#..
#.##.######.#.#
###
#.##........#.#
#.###########.#
#.# #T# #.# #.#
#.###########.#
#...@T........#
###############


You could see a troll.

Vanquished Creatures
  A sky beast (D:5)
  A phantom (D:6)
  A scorpion (D:6)
  3 howler monkeys
  A jelly (D:4)
  A sleepcap (D:5)
  5 hounds
  Jessica (D:2)
  4 iguanas
  9 adders
  A shadow imp (D:5)
  An ufetubus (D:5)
  2 worms
  A dart slug (D:5)
  2 orcs (D:3)
  6 bats (D:1)
  8 endoplasms
  3 giant cockroaches
  4 goblins
  9 hobgoblins
  7 jackals
  8 kobolds
  3 quokkas
  4 ball pythons
  4 frilled lizards
  3 rats
  A spectral kobold (D:4)
94 creatures vanquished.

Notes
Turn   | Place    | Note
-------+----------+-------------------------------------------
     0 | D:1      | Jase the Armataur Warper began the quest for the Orb.
     0 | D:1      | Reached XP level 1. HP: 18/18 MP: 3/3
    47 | D:1      | Reached skill level 1 in Throwing
   250 | D:1      | Reached XP level 2. HP: 18/25 MP: 4/4
   280 | D:1      | Learned a level 2 spell: Blink
   283 | D:1      | Learned a level 2 spell: Lesser Beckoning
   965 | D:2      | Reached XP level 3. HP: 31/31 MP: 5/5
   976 | D:2      | Found a faded altar of an unknown god.
   992 | D:2      | Noticed Jessica
   999 | D:2      | Killed Jessica
  1003 | D:2      | Prayed at the altar of an unknown god.
  1003 | D:2      | Became a worshipper of Warmaster Okawaru
  1003 | D:2      | Reached * piety under Okawaru
  1238 | D:2      | Reached XP level 4. HP: 37/38 MP: 6/6
  1700 | D:3      | Found a runed translucent door.
  1702 | D:3      | Noticed DeathPants's ghost (amateur DsNe)
  2302 | D:4      | Found a staircase to the Ecumenical Temple.
  2328 | D:4      | Reached skill level 1 in Invocations
  2375 | D:4      | Reached XP level 5. HP: 41/43 MP: 7/7
  2601 | D:4      | Reached XP level 6. HP: 51/51 MP: 8/8
  2652 | D:4      | Identified the +2 robe "Fenloc" {Regen+}
  2759 | D:4      | Found a hazy altar of Hepliaklqana.
  2799 | D:4      | Found a bloodstained altar of Trog.
  3029 | D:5      | Entered Level 5 of the Dungeon
  3406 | D:5      | Found a broken altar of Ashenzari.
  3450 | D:5      | Noticed a sky beast
  3479 | D:5      | Killed a sky beast
  3480 | D:5      | Reached XP level 7. HP: 41/56 MP: 9/9
  3714 | D:5      | Found a shadowy altar of Dithmenos.
  4062 | D:6      | Reached skill level 5 in Long Blades
  4088 | D:6      | Reached ** piety under Okawaru
  4094 | D:6      | Identified the ring of Yhogg {rC+ rCorr Dex+6 Stlth-}
  4219 | D:6      | Found a blossoming altar of Fedhas.
  4322 | D:6      | Found a stormy altar of Qazlal.
  4664 | D:6      | Learned a level 3 spell: Teleport Other
  4692 | D:6      | Reached skill level 5 in Translocations
  4692 | D:6      | Noticed a troll
  4765 | D:6      | HP: 1/56 [troll (9)]
  4766 | D:6      | Mangled by a troll

Illustrated notes

Levels and vault maps discovered:
D:1:      nagdon_arrival_zigzag_paths, layout_loops_ring,
          chequers_serial_rivers_micro_d
D:2:      layout_basic, hellmonk_ecumenical_altar_dog_temple, uniq_jessica
D:3:      layout_basic, ebering_ghost_sewer_d, feat_on_display
D:4:      layout_basic, nicolae_hepliaklqana_monster_ancestors, trog_book,
          minmay_temple_entry_statues_fountains
D:5:      layout_basic, nicolae_overflow_hidden_temple,
          mainiacjoe_overflow_alcove_1, feat_on_display
D:6:      layout_basic, lemuel_round_altar, mainiacjoe_overflow_catwalk

Skill      XL: |  1  2  3  4  5  6  7 |
---------------+----------------------+-----
Throwing       | 1 2 3 |  3.0
Long Blades    | 2 3 4 5 |  5.5
Invocations    | 1 2 3 |  3.4
Translocations | 4 5 |  5.0
Fighting       | |  1.7
Armour         | |  1.2
Dodging        | |  1.3
Spellcasting   | |  1.7
Air Magic      | |  0.4

Action                     |  1- 3 |  4- 6 |  7- 9 || total
---------------------------+-------+-------+-------++-------
  Melee: Falchion          |    81 |   245 |   102 ||   428
         Tailslap          |    12 |    29 |    12 ||    53
         Punch             |       |     3 |       ||     3
   Cast: Blink             |       |       |     2 ||     2
 Invoke: Heroism           |       |     3 |     2 ||     5
    Use: Scroll            |       |       |     5 ||     5
   Stab: Sleeping          |       |     2 |     1 ||     3
 Armour: Leather armour    |    34 |    56 |       ||    90
         Robe              |       |    43 |    41 ||    84
  Dodge: Dodged            |    46 |   101 |    60 ||   207

Table legend: (Time is in decaauts)
 A = Elapsed time spent in this place.
 B = Non-inter-level travel time spent in this place.
 C = Inter-level travel time spent in this place.
 D = Time resting spent in this place.
 E = Time spent auto-exploring this place.
 F = Levels seen in this place.
 G = Mean time per level.
                   A        B        C        D        E       F      G
               +--------+--------+--------+--------+--------+-----+--------+
         Total |   4796 |   4731 |     65 |    272 |   3449 |   6 |  799.3 |
       Dungeon |   4796 |   4731 |     65 |    272 |   3449 |   6 |  799.3 |
               +--------+--------+--------+--------+--------+-----+--------+

Top non-repeatable levels by time:
     D:5: 1022 daAuts
     D:2: 1018 daAuts
     D:4: 736 daAuts
     D:6: 716 daAuts
     D:3: 675 daAuts
     D:1: 627 daAuts
